Map: Яганната РВ

Players

RedHood

  • Race: Protoss Protoss
  • Spawn Location: 7:00

Bublic - Winner!

  • Race: Protoss Protoss
  • League: Master
  • Spawn Location: 1:00

VOD

Have the link to the VOD?

Description

Time

  • Played on: Nov. 30, 2020, 2:17 p.m.
  • Length: 9:42
Show
View Real Time Build Order
Export as new Build Order

RedHood Protoss 

Build Orders:  

Get SALT Encoding   

  12  0:00  Probe  
  13  0:12  Probe  
  14  0:19  Pylon  
  14  0:25  Probe (Chrono Boost)  
  15  0:39  Probe (Chrono Boost)  
  15  0:40  Gateway  
  16  0:45  Probe (Chrono Boost)  
  16  0:48  Assimilator  
  17  0:54  Probe  
  17  0:55  Assimilator  
  18  1:06  Probe  
  18  1:10  Gateway  
  19  1:21  Probe  
  20  1:28  Cybernetics Core  
  20  1:34  Pylon  
  20  1:39  Probe  
  21  1:51  Probe  
  22  2:03  Probe  
  22  2:04  Stalker  
  22  2:06  Stalker  
  27  2:09  Warp Gate  
  27  2:18  Probe  
  28  2:31  Pylon  
  28  2:33  Probe  
  28  2:45  Stalker  
  28  2:46  Probe  
  33  2:53  Sentry  
  33  2:58  Probe  
  34  3:06  Nexus  
  34  3:13  Probe  
  35  3:24  Shield Battery  
  35  3:26  Probe  
  36  3:35  Twilight Council  
  36  3:41  Shield Battery  
  36  3:48  Probe  
  37  3:59  Forge  
  37  4:03  Probe  
  38  4:10  Charge (Chrono Boost)  
  39  4:17  Probe (Chrono Boost)  
  39  4:22  Probe (Chrono Boost)  
  40  4:28  Protoss Ground Weapons Level 1 (Chrono Boost)  
  42  4:32  Probe (Chrono Boost)  
  42  4:33  Probe (Chrono Boost)  
  42  4:35  Gateway  
  42  4:36  Gateway  
  42  4:40  Pylon  
  42  4:49  Stalker  
  44  4:54  Pylon  
  44  4:57  Photon Cannon  
  44  5:01  Photon Cannon  
  44  5:04  Photon Cannon  
  44  5:13  Stalker x2  
  47  5:29  Blink (Chrono Boost)  
  47  5:33  Gateway  
  47  5:37  Probe x2  
  47  5:38  Gateway  
  47  5:42  Pylon  
  49  5:46  Assimilator  
  49  5:50  Assimilator  
  49  5:52  Stalker  
  49  5:54  Stalker  
  53  6:00  Stalker  
  55  6:15  Stalker  
  55  6:16  Stalker  
  55  6:18  Probe x2  
  60  6:22  Pylon  
  60  6:23  Pylon  
  60  6:30  Probe  
  61  6:36  Protoss Ground Weapons Level 2 (Chrono Boost)  
  61  6:38  Zealot x4  
  69  6:50  Shield Battery  
  69  6:51  Probe (Chrono Boost)  
  71  6:55  Probe (Chrono Boost)  
  71  6:59  Zealot  
  73  7:01  Zealot  
  73  7:05  Probe (Chrono Boost)  
  76  7:10  Zealot  
  76  7:11  Probe  
  76  7:15  Probe  
  80  7:29  Templar Archives  
  80  7:32  Pylon  
  80  7:41  Zealot x4  
  80  7:42  Zealot  
  90  7:56  Pylon  
  90  7:57  Pylon  
  90  8:01  Gateway  
  90  8:04  Gateway  
  90  8:05  Photon Cannon  
  90  8:16  Sentry  
  90  8:17  High Templar  
  90  8:18  High Templar x2  
  98  8:21  High Templar  
  98  8:23  Archon  
  98  8:25  Archon  
  100  8:30  Probe x2  
  102  8:45  High Templar  
  81  8:59  Zealot x4  
  81  9:00  Zealot x3  
  87  9:21  Stalker x4  
  87  9:22  Stalker x2  
  67  9:33  Zealot x2  
Show
View Real Time Build Order
Export as new Build Order

Bublic Protoss - Winner!

Build Orders: Phoenix Opening, Zealot Archon 

Get SALT Encoding   

  12  0:00  Probe  
  13  0:12  Probe  
  14  0:17  Pylon  
  14  0:27  Probe (Chrono Boost)  
  15  0:39  Probe (Chrono Boost)  
  15  0:40  Gateway  
  16  0:44  Probe (Chrono Boost)  
  16  0:47  Assimilator  
  17  0:53  Probe  
  17  0:55  Assimilator  
  18  1:05  Probe (Chrono Boost)  
  19  1:11  Gateway  
  19  1:16  Probe (Chrono Boost)  
  20  1:21  Probe (Chrono Boost)  
  21  1:32  Probe  
  22  1:35  Cybernetics Core  
  22  1:44  Probe  
  22  1:46  Pylon  
  23  2:04  Probe  
  24  2:11  Stalker x2  
  24  2:12  Warp Gate  
  28  2:22  Probe  
  29  2:23  Pylon  
  29  2:32  Pylon  
  29  2:45  Nexus  
  29  2:56  Stargate  
  29  2:59  Sentry  
  29  3:03  Probe  
  32  3:09  Stalker  
  34  3:15  Probe  
  35  3:20  Shield Battery  
  35  3:27  Probe  
  35  3:29  Pylon  
  36  3:39  Phoenix (Chrono Boost), Probe  
  39  3:46  Shield Battery  
  39  3:51  Phoenix (Chrono Boost), Probe (Chrono Boost)  
  40  3:58  Probe (Chrono Boost)  
  42  4:03  Probe (Chrono Boost)  
  42  4:05  Phoenix (Chrono Boost)  
  42  4:07  Probe (Chrono Boost)  
  45  4:11  Probe (Chrono Boost)  
  45  4:12  Probe (Chrono Boost)  
  47  4:23  Assimilator  
  47  4:24  Phoenix (Chrono Boost)  
  47  4:25  Assimilator  
  49  4:41  Forge, Twilight Council  
  49  4:45  Phoenix  
  51  4:49  Probe x2  
  53  5:00  Robotics Facility  
  53  5:01  Probe (Chrono Boost)  
  53  5:06  Probe (Chrono Boost)  
  55  5:10  Probe (Chrono Boost)  
  57  5:14  Probe (Chrono Boost)  
  57  5:18  Protoss Ground Weapons Level 1 (Chrono Boost), Probe  
  58  5:21  Charge  
  58  5:25  Probe  
  58  5:26  Templar Archives  
  59  5:33  Gateway  
  59  5:34  Gateway  
  59  5:38  Gateway  
  59  5:43  Probe x2  
  61  5:55  Pylon  
  59  5:59  Pylon  
  59  6:03  Probe  
  60  6:10  Immortal (Chrono Boost)  
  60  6:15  High Templar x2  
  68  6:19  Archon  
  68  6:31  Probe x2  
  70  6:39  Gateway x2  
  70  6:40  Warp Prism (Chrono Boost)  
  70  6:44  Nexus  
  70  6:46  High Templar x2  
  76  6:50  Archon  
  76  6:56  Zealot  
  78  7:08  Probe x2  
  78  7:14  Pylon  
  78  7:16  Protoss Ground Weapons Level 2 (Chrono Boost)  
  78  7:22  Pylon  
  78  7:24  Pylon  
  78  7:26  Pylon  
  78  7:28  Pylon  
  78  7:30  Pylon  
  78  7:32  Probe x2  
  78  7:34  High Templar x2  
  84  7:37  High Templar  
  84  7:40  High Templar  
  84  7:43  Zealot x3  
  95  7:44  Archon, Probe  
  95  7:45  Archon  
  95  7:46  Probe  
  96  7:56  Probe  
  97  8:08  Zealot x5  
  108  8:12  Observer  
  108  8:14  Probe  
  108  8:16  High Templar x2  
  113  8:23  Pylon x2  
  113  8:25  Pylon  
  113  8:29  Archon  
  113  8:31  Zealot x2  
  113  8:32  Zealot x3  
  123  8:36  Gateway  
  123  8:41  Gateway  
  123  8:51  Zealot  
  123  8:52  Zealot x6  
  113  9:12  Zealot x7  
  93  9:32  Zealot x7  
Tags
 
Add a new tag
Caveats
  • Supply blocks, unpowered buildings, or Contaminate may cause inaccurate times.
  • Supply counts are checked every 10 seconds.